 Dungeon Crawl Stone Soup version 0.29.1-13-g9f3cf754e1 (webtiles) character file.

Game seed: 1918034944252510210

25 Thatpatchoflichen the Chopper (level 3, -1/33 HPs)
             Began as a Hill Orc Monk on Jan 26, 2023.
             Slain by an adder (2 damage)
             ... on level 1 of the Dungeon.
             The game lasted 00:02:15 (720 turns).

Thatpatchoflichen the Chopper (Hill Orc Monk)        Turns: 720, Time: 00:02:16

Health: -1/33      AC:  2    Str: 15    XL:     3   Next: 4%
Magic:  3/3        EV: 12    Int: 10    God:
Gold:   68         SH:  0    Dex: 13    Spells: 2/2 levels left

rFire   . . .      SeeInvis .   a - +0 hand axe
rCold   . . .      Faith    .   (no shield)
rNeg    + . .      Spirit   .   b - +0 robe
rPois   .          Reflect  .   (no helmet)
rElec   .          Harm     .   (no cloak)
rCorr   .          Rampage  .   (no gloves)
Will    .....                   (no boots)
Stlth   ++........              (no amulet)
HPRegen 0.11/turn               e - ring of positive energy
MPRegen 0.08/turn               (no ring)

@: brilliant
A: no striking features
a: no special abilities


You were on level 1 of the Dungeon.
You visited 1 branch of the dungeon, and saw 2 of its levels.

You collected 68 gold pieces.

Inventory:

Hand Weapons
 a - a +0 hand axe (weapon)
Missiles
 g - 6 boomerangs (quivered)
Armour
 b - a +0 robe (worn)
Magical Staves
 f - a staff of fire
Jewellery
 e - a ring of positive energy (left hand)
Scrolls
 h - a scroll of silence {unknown}
 i - a scroll of noise {unknown}
Potions
 c - a potion of ambrosia
 d - a potion of cancellation


   Skills:
 + Level 4.1 Fighting
 + Level 4.5 Axes
 + Level 1.4 Armour
 - Level 2.4 Dodging
 - Level 1.5 Stealth


You had 2 spell levels left.
You didn't know any spells.
Your spell library was empty.

Dungeon Overview and Level Annotations

Branches:
Dungeon (2/15)

Altars:


Message History

A kobold comes into view. It is wielding a +0 dagger.
There is a stone staircase leading up here.
The adder bites you.
You climb upwards.
There is a stone staircase leading down here.
You closely miss the adder. The adder barely misses you.
You closely miss the adder. The adder misses you.
You hit the adder.
The adder is moderately wounded.
The adder bites you.
You are poisoned.
The adder poisons you! The adder misses you.
You closely miss the adder.
The adder is moderately wounded.
You feel sick. The adder bites you but does no damage.
You closely miss the adder.
The adder is moderately wounded.
You feel sick. The adder closely misses you.
You miss the adder. Your punch misses the adder.
The adder is moderately wounded.
You feel sick. The adder misses you. The adder barely misses you.
You closely miss the adder.
The adder is moderately wounded.
You feel sick. The adder barely misses you.
You barely miss the adder.
The adder is moderately wounded.
You feel sick. The adder bites you but does no damage.
You miss the adder.
The adder is moderately wounded.
You feel sick.
You are no longer poisoned.
The adder bites you.
* * * LOW HITPOINT WARNING * * *
The adder barely misses you.
It was a potion of cancellation.
You feel magically purged. The adder barely misses you.
It was a potion of brilliance.
You feel clever all of a sudden. The adder bites you.
You die...

#.# ###### ######
#.# .....###....#
#.# ............#
#.#
............####.#
............'....#
.....###....###..#
......##.######..#
.รท.............S@#
......#.......#..#
......#.......#..#
......#.....? ...#
####### ........#
........# ......#
.......#


You could see an adder.

Vanquished Creatures
  An adder (D:2)
  A giant cockroach (D:1)
  3 jackals (D:1)
  4 ball pythons (D:1)
  2 bats (D:1)
  2 kobolds (D:1)
  3 rats (D:1)
16 creatures vanquished.

Vanquished Creatures (others)
  3 plants (D:1)
  4 toadstools (D:1)
7 creatures vanquished.

Grand Total: 23 creatures vanquished

Notes
Turn   | Place    | Note
-------+----------+-------------------------------------------
     0 | D:1      | Thatpatchoflichen the Hill Orc Monk began the quest for the
                  | Orb.
     0 | D:1      | Reached XP level 1. HP: 19/19 MP: 1/1
   326 | D:1      | Reached XP level 2. HP: 26/27 MP: 2/2
   331 | D:1      | Reached skill level 1 in Armour
   356 | D:1      | Found a faded altar of an unknown god.
   707 | D:2      | Reached XP level 3. HP: 17/33 MP: 3/3
   718 | D:1      | HP: 1/33 [adder (2)]
   720 | D:1      | Slain by an adder

Illustrated notes

Levels and vault maps discovered:
D:1:      ldierk_water_garden, layout_basic, chequers_ecumenical_altar_lobes,
          minmay_3d_cube
D:2:      layout_basic, serial_shops, shop

Skill      XL: |  1  2 |
---------------+-------+-----
Armour         | 1 |  1.4
Fighting       | 4 |  4.1
Axes           | |  4.5
Dodging        | |  2.4
Stealth        | |  1.5

Action                   || total
-------------------------++-------
Melee: Hand axe          ||    59
  Use: Potion            ||     2
Armor: Robe              ||    28
Dodge: Dodged            ||    73
